 Dungeon Crawl Stone Soup version 0.26.0-10-g1f06aea511 (webtiles) character file.

Game seed: 14387311992216323651

254246 Hycrow the Warrior (level 19, -14/187 (188) HPs)
             Began as a Minotaur Berserker on Jan 18, 2021.
             Was a High Priest of Trog.
             Demolished by a +1 glaive of venom (19 damage)
             ... on level 2 of the Elven Halls.
             The game lasted 01:52:30 (50616 turns).

Hycrow the Warrior (Minotaur Berserker)            Turns: 50616, Time: 01:52:31

HP:   -14/187 (188) AC: 30    Str: 24    XL:     19   Next: 1%
MP:   27/27         EV:  9    Int:  3    God:    Trog [*****.]
Gold: 1611          SH: 21    Dex: 11    Spells: 18/18 levels left

rFire    + + +     SeeInvis .   a - +4 broad axe (vorpal)
rCold    + + .     Faith    .   K - +2 shield of Resistance {rF++ rC++ Will++}
rNeg     . . .     Spirit   .   w - +2 plate armour {rPois}
rPois    +         Reflect  +   h - +2 hat
rElec    +         Harm     .   Q - +2 cloak
rCorr    +         Rampage  .   j - +0 pair of gloves
Will     +++++                  T - +1 pair of boots
Stlth    ..........             x - amulet of reflection
HPRegen  0.41/turn              k - ring of resist corrosion
MPRegen  0.20/turn              I - ring "Koschibot" {rElec rF+ Will+++ MP+9 Str-3 Int-3}

@: lethally poisoned (-14 -> -16), berserk cooldown, slowed, lightly drained,
very slow
A: retaliatory headbutt, horns 2
}: 2/15 runes: barnacled, gossamer
a: Renounce Religion, Berserk, Trog's Hand, Brothers in Arms


You were on level 2 of the Elven Halls.
You worshipped Trog.
Trog was extremely pleased with you.
You visited 7 branches of the dungeon, and saw 34 of its levels.
You also visited: Bailey.

You collected 4879 gold pieces.
You spent 3268 gold pieces at shops.

Inventory:

Hand Weapons
 a - a +4 vorpal broad axe (weapon)
 b - a +2 demon trident of electrocution
Missiles
 n - 2 throwing nets (quivered)
Armour
 h - a +2 hat (worn)
 j - a +0 pair of gloves (worn)
 w - a +2 plate armour of poison resistance (worn)
 K - the +2 shield of Resistance (worn) {rF++ rC++ Will++}
   (You acquired it on level 13 of the Dungeon)

   It greatly protects you from fire.
   It greatly protects you from cold.
   It affects your willpower, your defense against some magical effects.
 Q - a +2 cloak (worn)
 T - a +1 pair of boots (worn)
Jewellery
 k - a ring of resist corrosion (left hand)
 u - an uncursed ring of protection from cold
 x - an amulet of reflection (around neck)
 B - an uncursed ring of poison resistance
 I - the ring "Koschibot" (right hand) {rElec rF+ Will+++ MP+9 Str-3 Int-3}
   (You found it on level 10 of the Dungeon)

   [ring of magical power]

   It affects your strength (-3).
   It affects your intelligence (-3).
   It protects you from fire.
   It insulates you from electricity.
   It affects your willpower, your defense against some magical effects.
   It affects your magic capacity (+9).
Wands
 p - a wand of paralysis (23)
 E - a wand of flame (69)
 F - a wand of acid (9)
 G - a wand of polymorph (26)
 H - a wand of digging (5)
 M - a wand of disintegration (10)
 N - a wand of enslavement (17)
 W - a wand of iceblast (31)
Scrolls
 d - 11 scrolls of remove curse
 l - 2 scrolls of fear
 q - 3 scrolls of blinking
 r - 17 scrolls of identify
 v - 12 scrolls of teleportation
 y - 11 scrolls of magic mapping
 z - 4 scrolls of fog
 C - 6 scrolls of enchant weapon
 P - 4 scrolls of enchant armour
Potions
 c - 5 potions of flight
 e - 4 potions of invisibility
 f - 5 potions of attraction
 m - 5 potions of haste
 o - 3 potions of lignification
 s - 5 potions of cancellation
 t - 11 potions of curing
 J - 3 potions of might
 L - a potion of magic
 O - 2 potions of resistance
 U - 7 potions of ambrosia


   Skills:
 * Level 20.8 Fighting
 - Level 14.8 Short Blades
 * Level 20.3 Axes
 + Level 17.3 Armour
 - Level 2.1 Dodging
 + Level 16.3 Shields
 - Level 5.0 Evocations


You had 18 spell levels left.
You didn't know any spells.
Your spell library was empty.

Dungeon Overview and Level Annotations

Branches:
Dungeon (15/15)            Temple (0/1) D:5            Lair (6/6) D:10
 Shoals (4/4) Lair:2       Spider (4/4) Lair:2        Slime (0/5) Lair:6
    Orc (2/2) D:9             Elf (2/3) Orc:2        Vaults (1/5) D:14
 Depths (0/5) D:15         Bailey (visited)

Altars:
Ashenzari
Cheibriados
Dithmenos
Elyvilon
Gozag
Makhleb
Nemelex Xobeh
Okawaru
Qazlal
Ru
Sif Muna
Vehumet
Xom
Zin
The Shining One
Beogh

Shops:
D:4 =   D:6 ?   D:9 }   D:13 [?(?[   D:14 ?   Orc:2 [}!*?[[}:   Elf:1 =}}
Shoals:1 (   Shoals:3 ?

Annotations:
D:7 1 runed translucent door
D:12 1 transporter, BraveToast's ghost, journeyman FoFi
Lair:4 exclusion: 4 oklob plants
Shoals:3 exclusion: oklob plant


Innate Abilities, Weirdness & Mutations

You reflexively headbutt those who attack you in melee.
You have a pair of horns on your head.


Message History

You slash the +1 glaive of venom!
You block the +1 glaive of venom's attack.
You feel sick.
You feel a strong urge to attack something.
You are no longer berserk.
Trog's vigour flows through your veins.
You are exhausted.
You feel yourself slow down.
The +3 war axe of electrocution hits you!
* * * LOW HITPOINT WARNING * * *
You feel sick.
You are no longer poisoned.
You block the +3 war axe of electrocution's attack.
The +1 glaive of venom hits you from afar.
* * * LOW HITPOINT WARNING * * *
You are poisoned.
You feel sick.
You block the +3 war axe of electrocution's attack.
The +1 glaive of venom hits you from afar!!
You die...

.e........)...............# #
(.........)..............#####
.e........)..............#.#.
#.......).................).
#........................).
#.............#..........).
##........(..###...........
##........(.## ##..........
##.........@..###...........
..#..............#..))........
......).......................
....##...##...##...##.....###.
#...# ##.####.####.####...##
## #### ### ### ### ##### #


You could see 2 dancing weapons.

Vanquished Creatures
  Mara (Shoals:3)
  Nikola (Shoals:3)
  Polyphemus (Shoals:3)
  2 krakens
  A shadow dragon (Elf:1)
  The ghost of Kaerusk the Unseen, an adept KoBe of Trog (Shoals:1)
  Roxanne (Elf:2)
  Agnes (Elf:2)
  Donald (Elf:2)
  A fire giant (D:10)
  An iron dragon (Elf:1)
  4 ghost moths
  Louise (Shoals:3)
  2 emperor scorpions
  A deep elf demonologist (Elf:2)
  2 entropy weavers
  2 spark wasps (Spider:4)
  3 ettins
  4 merfolk javelineers (Shoals:4)
  2 merfolk impalers (Shoals:4)
  A fire dragon (Lair:6)
  4 hydras
  2 deep elf high priests (Elf:1)
  4 boulder beetles
  4 alligator snapping turtles (Shoals:4)
  2 ice dragons (Elf:1)
  3 catoblepae
  4 merfolk avatars
  A two-headed ogre (D:15)
  4 merfolk aquamancers (Shoals:4)
  23 dancing weapons
  2 tengu warriors
  9 death yaks
  2 satyrs (Shoals:2)
  A queen ant (Spider:2)
  6 orc high priests
  Urug (D:12)
  Nergalle (D:11)
  15 deep elf knights
  10 skeletal warriors (D:14)
  2 slime creatures (D:12)
  A deep troll (D:15)
  An unseen horror (D:10)
  7 sea snakes
  3 harpies (Shoals:4)
  A lindwurm (Lair:6)
  13 deep elf archers
  An orb spider (shapeshifter) (Elf:1)
  A wolf spider zombie (D:15)
  4 orc knights
  35 deep elf magi
  18 orb spiders
  An oklob plant (Lair:1)
  10 ugly things
  2 orc sorcerers (Orc:2)
  14 manticores
  12 fauns
  24 wolf spiders
  6 cyclopes
  11 merfolk sirens
  A moth of wrath (Spider:3)
  Joseph (D:9)
  5 black mambas
  7 water nymphs
  2 gargoyles
  5 rime drakes
  18 cane toads
  10 komodo dragons
  9 demonic crawlers
  A freezing wraith (D:15)
  A meliai (shapeshifter) (Elf:1)
  8 trolls
  9 wind drakes
  29 merfolk
  Prince Ribbit (D:6)
  32 jumping spiders
  A polar bear (Lair:3)
  9 hornets
  9 blink frogs
  6 snapping turtles
  11 dream sheep
  5 air elementals (Elf:1)
  32 tarantellas
  A spriggan (Lair:4)
  7 water elementals
  68 redbacks
  2 wraiths
  5 wyverns
  20 yaks
  4 basilisks
  3 steam dragons
  5 vampire mosquitoes
  9 wargs
  Duvessa (D:6)
  2 acid dragons (Lair:6)
  9 soldier ants
  9 water moccasins
  30 orc warriors
  3 ice beasts
  4 sky beasts
  3 black bears
  A necrophage (D:11)
  3 phantoms
  42 wolves
  9 ogres
  An eye of draining (D:10)
  2 centaurs
  3 lemures (D:6)
  3 big kobolds
  Blork the orc (D:6)
  A gnoll sergeant (D:9)
  24 bullfrogs
  An earth elemental (Elf:2)
  Dowan (D:6)
  A scorpion (D:10)
  8 killer bees
  7 electric eels
  2 wights
  3 howler monkeys (D:14)
  6 centaur zombies
  3 quasits
  A bullfrog zombie (D:6)
  7 jellies
  A gnoll shaman (D:6)
  2 bullfrog skeletons
  6 hounds
  46 orc priests
  24 orc wizards
  6 centaur skeletons
  8 iguanas
  7 hell rats (Lair:5)
  19 worker ants
  4 ogre zombies (D:9)
  A hound skeleton (D:9)
  2 worker ant zombies
  19 gnolls
  12 adders
  A shadow imp (D:6)
  3 white imps
  3 oozes
  An adder zombie (D:6)
  An adder skeleton (D:4)
  A worm (D:2)
  3 dart slugs
  6 leopard geckos
  119 orcs
  4 giant cockroaches
  12 goblins
  14 hobgoblins
  4 jackals (D:7)
  2 quokkas
  3 ball pythons
  7 bats
  3 frilled lizards
  A goblin skeleton (D:9)
  5 goblin zombies (D:9)
  2 hobgoblin skeletons (D:9)
  35 kobolds
  An orc skeleton (D:9)
  9 orc zombies (D:9)
  A quokka skeleton (D:6)
  9 rats
  7 tentacles
1240 creatures vanquished.

Vanquished Creatures (collateral kills)
  Gastronok (Lair:1)
  A ghost moth (Spider:2)
  4 entropy weavers
  2 spark wasps (Spider:2)
  2 merfolk impalers (Shoals:2)
  A great orb of eyes (D:10)
  A hydra (Lair:1)
  A boulder beetle (D:14)
  A centaur warrior (D:15)
  An alligator snapping turtle (Shoals:4)
  A two-headed ogre (D:14)
  A merfolk avatar (Shoals:3)
  A swamp dragon (Lair:6)
  A wolf spider (Spider:4)
  An orc knight (D:15)
  6 orb spiders
  2 manticores
  A faun (Shoals:2)
  A yaktaur (D:15)
  3 demonic crawlers
  A wind drake (Shoals:3)
  A troll (D:15)
  3 jumping spiders
  2 hornets (Spider:4)
  A snapping turtle (Shoals:4)
  3 shadows (D:9)
  9 redbacks
  A tarantella (Spider:3)
  15 soldier ants (Spider:2)
  2 orc warriors (D:15)
  A troll zombie (D:9)
  2 wights (D:8)
  An orc priest (D:8)
  An orc wizard (D:8)
  8 worker ants (Spider:2)
  3 ogre zombies (D:9)
  An orc (D:8)
  3 goblins (D:14)
  2 goblin zombies (D:9)
  A hobgoblin zombie (D:9)
  4 orc zombies (D:9)
  2 tentacles (Shoals:2)
100 creatures vanquished.

Vanquished Creatures (others)
  A deep elf high priest (Elf:1)
  A dancing weapon (Elf:1)
  2 merfolk sirens (Shoals:3)
  A merfolk (Shoals:3)
  A jumping spider (Spider:4)
  2 water elementals
  An orc (Elf:1)
  A goblin (D:14)
  A kobold (D:3)
  3 bushes (Lair:4)
  36 fungi
  115 plants
  24 tentacles
189 creatures vanquished.

Grand Total: 1529 creatures vanquished

Notes
Turn   | Place    | Note
-------+----------+-------------------------------------------
     0 | D:1      | Hycrow the Minotaur Berserker began the quest for the Orb.
     0 | D:1      | Reached XP level 1. HP: 19/19 MP: 0/0
   163 | D:1      | Reached XP level 2. HP: 19/27 MP: 1/1
   704 | D:1      | Reached XP level 3. HP: 33/33 MP: 2/2
   841 | D:1      | Found an iron altar of Okawaru.
   907 | D:1      | Reached ** piety under Trog
  1359 | D:2      | Reached skill level 5 in Axes
  1359 | D:2      | Reached XP level 4. HP: 35/40 MP: 3/3
  2209 | D:3      | Found a white marble altar of Elyvilon.
  2391 | D:3      | Noticed a bullfrog
  2400 | D:3      | Killed a bullfrog
  2401 | D:3      | Reached XP level 5. HP: 41/47 MP: 4/4
  2771 | D:4      | Reached skill level 5 in Fighting
  2883 | D:4      | Found a burning altar of Makhleb.
  2889 | D:4      | Found a snail-covered altar of Cheibriados.
  2890 | D:4      | Found a sparkling altar of Nemelex Xobeh.
  2913 | D:4      | Reached XP level 6. HP: 54/56 MP: 5/5
  2970 | D:4      | Reached *** piety under Trog
  3185 | D:4      | Reached XP level 7. HP: 35/62 MP: 6/6
  3340 | D:4      | Found Tocushrya's Jewellery Emporium.
  3466 | D:4      | Found an opulent altar of Gozag.
  3588 | D:5      | Entered Level 5 of the Dungeon
  3644 | D:5      | Reached skill level 5 in Armour
  3665 | D:5      | Found a staircase to the Ecumenical Temple.
  3719 | D:5      | Found a shimmering altar of Xom.
  4067 | D:6      | Noticed Prince Ribbit
  4420 | D:6      | Noticed Duvessa
  4426 | D:6      | Noticed Dowan
  4427 | D:6      | Reached XP level 8. HP: 64/71 MP: 7/7
  4436 | D:6      | Killed Duvessa
  4441 | D:6      | Killed Dowan
  4647 | D:6      | Killed Prince Ribbit
  4984 | D:6      | Found Roatrac's Magic Scroll Shoppe.
  4987 | D:6      | Bought a scroll of identify for 28 gold pieces
  4987 | D:6      | Bought a scroll of identify for 28 gold pieces
  4987 | D:6      | Bought a scroll of remove curse for 42 gold pieces
  4987 | D:6      | Bought a scroll of magic mapping for 49 gold pieces
  4987 | D:6      | Bought a scroll of magic mapping for 49 gold pieces
  5011 | D:6      | Noticed Blork the orc
  5016 | D:6      | Reached **** piety under Trog
  5017 | D:6      | Reached skill level 10 in Axes
  5028 | D:6      | Killed Blork the orc
  5401 | D:6      | Reached XP level 9. HP: 81/81 MP: 8/8
  6117 | D:7      | Found an iron altar of Okawaru.
  6138 | D:7      | Reached ***** piety under Trog
  6340 | D:7      | Found a glowing silver altar of Zin.
  6359 | D:7      | Found a runed translucent door.
  6359 | D:7      | Noticed an angel
  6632 | D:7      | Found a sacrificial altar of Ru.
  6772 | D:8      | Received a gift from Trog
  6793 | D:8      | Got a brightly glowing great sword {god gift}
  6794 | D:8      | Identified the +8 great sword of Osuodux {vorpal, +Rage rF+
                  | Will- Dex+3} (Trog gifted it to you on level 8 of the
                  | Dungeon)
  7218 | D:8      | Found a broken altar of Ashenzari.
  7410 | D:9      | Reached XP level 10. HP: 85/91 MP: 9/9
  7539 | D:9      | Found Qeosuyt's Gadget Boutique.
  7633 | D:9      | Found a stormy altar of Qazlal.
  7662 | D:9      | Found a staircase to the Orcish Mines.
  7683 | D:9      | Reached skill level 1 in Shields
  7909 | D:9      | Noticed Joseph
  7925 | D:9      | Killed Joseph
  8311 | D:10     | Entered Level 10 of the Dungeon
  8662 | D:10     | Reached skill level 10 in Fighting
  8805 | D:10     | Killed an unseen horror
  8873 | D:10     | Found a stormy altar of Qazlal.
  8887 | D:10     | Found a glowing golden altar of the Shining One.
  8904 | D:10     | Found a staircase to the Lair.
  9572 | D:10     | Noticed a cyan ugly thing
  9572 | D:10     | Noticed a boulder beetle
  9585 | D:9      | Killed a cyan ugly thing
  9586 | D:9      | Reached skill level 10 in Armour
  9597 | D:9      | Killed a boulder beetle
  9598 | D:9      | Reached XP level 11. HP: 99/101 MP: 10/10
  9613 | D:10     | Noticed a deep elf mage
  9625 | D:10     | Killed a deep elf mage
  9888 | D:10     | Reached skill level 5 in Shields
 10010 | D:10     | Noticed a fire giant
 10010 | D:10     | Noticed a great orb of eyes
 10010 | D:10     | Noticed a deep elf archer
 10015 | D:10     | Paralysed by a great orb of eyes for 6 turns
 10015 | D:10     | Killed a great orb of eyes
 10021 | D:10     | Noticed a deep elf mage
 10027 | D:10     | Killed a fire giant
 10033 | D:10     | Killed a deep elf archer
 10037 | D:10     | Killed a deep elf mage
 10179 | D:10     | Got a steaming ivory ring
 10321 | D:10     | Identified the ring "Koschibot" {rElec rF+ Will+++ MP+9
                  | Str-3 Int-3} (You found it on level 10 of the Dungeon)
 10484 | D:11     | Reached skill level 1 in Short Blades
 10789 | D:11     | Noticed Nergalle
 10798 | D:11     | Killed Nergalle
 11031 | D:11     | Reached skill level 5 in Short Blades
 11069 | D:11     | Noticed a green ugly thing
 11083 | D:11     | Killed a green ugly thing
 11333 | D:11     | Noticed a red ugly thing
 11349 | D:11     | Killed a red ugly thing
 11556 | Lair:1   | Entered Level 1 of the Lair of Beasts
 11903 | Lair:1   | Noticed a four-headed hydra
 11904 | Lair:1   | Noticed an oklob plant
 11932 | Lair:1   | Killed a four-headed hydra
 11933 | Lair:1   | Reached XP level 12. HP: 91/111 MP: 11/11
 12043 | Lair:1   | Noticed Gastronok
 12078 | Lair:1   | Killed Gastronok
 12110 | Lair:1   | Noticed an eight-headed hydra
 12114 | Lair:1   | Killed an eight-headed hydra
 12719 | Lair:1   | Identified the Compendium of Slavery and Poison
 13070 | Lair:2   | Reached skill level 10 in Short Blades
 13080 | Lair:2   | Found a hole to the Spider Nest.
 13530 | Lair:2   | Found a staircase to the Shoals.
 15454 | Lair:3   | Reached XP level 13. HP: 103/119 MP: 12/12
 17253 | Lair:4   | Reached skill level 10 in Shields
 17273 | Lair:4   | Found the +6 lightning scales {run, rElec}
 18660 | Lair:6   | Entered Level 6 of the Lair of Beasts
 18660 | Lair:6   | Found a shadowy altar of Dithmenos.
 19398 | Lair:6   | Found a staircase to the Slime Pits.
 19571 | Lair:6   | Reached XP level 14. HP: 112/130 MP: 13/13
 21004 | D:12     | Received a gift from Trog
 21074 | D:12     | Found a transporter.
 21078 | D:12     | Noticed BraveToast's ghost (journeyman FoFi)
 21087 | D:12     | Identified the +9 great mace "Fecuwele" {freeze, Str+4
                  | Dex+4}
 21087 | D:12     | Noticed a frost giant
 21563 | D:12     | Noticed Urug
 21571 | D:12     | Killed Urug
 21988 | D:4      | Bought an uncursed amulet of reflection for 420 gold pieces
 22062 | D:6      | Bought a scroll of fog for 28 gold pieces
 22062 | D:6      | Bought a scroll of blinking for 105 gold pieces
 22062 | D:6      | Bought a scroll of teleportation for 42 gold pieces
 22062 | D:6      | Bought a scroll of enchant weapon for 105 gold pieces
 22062 | D:6      | Bought a scroll of immolation for 49 gold pieces
 22148 | D:9      | Bought a wand of disintegration (12) for 224 gold pieces
 22545 | D:13     | Found Arugick's Armour Shoppe.
 22688 | D:13     | Found Nikosi's Magic Scroll Shop.
 22715 | D:13     | Bought a scroll of identify for 24 gold pieces
 22715 | D:13     | Bought a scroll of identify for 24 gold pieces
 22819 | D:13     | Found Xavaoreh's Armour Boutique.
 22863 | D:13     | Found Baonleacw's Magic Scroll Boutique.
 23041 | D:13     | Found Buzxyane's Antique Weapon Shoppe.
 23234 | D:14     | Reached skill level 15 in Axes
 23238 | D:14     | Found a gate to the Vaults.
 23300 | D:14     | Found Gitzu's Magic Scroll Emporium.
 23400 | D:14     | Found a flagged portal.
 23492 | Bailey   | Entered a bailey
 24527 | D:15     | Entered Level 15 of the Dungeon
 25206 | D:15     | Reached XP level 15. HP: 127/139 MP: 14/14
 26110 | D:15     | Found a staircase to the Depths.
 26357 | Orc:1    | Entered Level 1 of the Orcish Mines
 26523 | Orc:1    | Reached skill level 15 in Fighting
 26874 | Orc:2    | Entered Level 2 of the Orcish Mines
 26947 | Orc:2    | Reached skill level 1 in Evocations
 27209 | Orc:2    | Found a staircase to the Elven Halls.
 27217 | Orc:2    | Received a gift from Trog
 27813 | Orc:2    | Found Yfuddo's Distillery.
 27818 | Orc:2    | Found Vinn's Antique Armour Shop.
 27823 | Orc:2    | Found Alienic's Gadget Emporium.
 28314 | Orc:2    | Found a roughly hewn altar of Beogh.
 28342 | Orc:2    | Reached ****** piety under Trog
 28370 | Orc:2    | Found Bufif's Gadget Emporium.
 28370 | Orc:2    | Found Ucasim's Book Shop.
 28372 | Orc:2    | Received a gift from Trog
 28424 | Orc:2    | Reached skill level 15 in Armour
 28873 | Orc:2    | Found Cuaczax's Antique Armour Emporium.
 28880 | Orc:2    | Found Naew's Antique Armour Boutique.
 28970 | Orc:2    | Found Kaplaow's Magic Scroll Shop.
 29059 | Orc:2    | Found Imussap's General Store.
 29137 | Orc:2    | Bought a throwing net for 48 gold pieces
 29392 | D:13     | Bought a scroll of acquirement for 624 gold pieces
 29393 | D:13     | Acquired the +2 shield of Resistance {rF++ rC++ Will++}
 29394 | D:13     | Found the +2 shield of Resistance {rF++ rC++ Will++}
 29450 | D:14     | Bought a scroll of acquirement for 884 gold pieces
 29451 | D:14     | Acquired an uncursed ring of poison resistance
 29647 | Orc:2    | Bought a pair of glowing boots for 255 gold pieces
 29836 | Spider:1 | Entered Level 1 of the Spider Nest
 31645 | Spider:2 | Received a gift from Trog
 31657 | Spider:2 | Killed a ghost moth
 31675 | Spider:2 | Reached XP level 16. HP: 79/154 MP: 3/15
 32252 | Spider:2 | Reached skill level 5 in Evocations
 33116 | Spider:3 | Received a gift from Trog
 34262 | Spider:4 | Entered Level 4 of the Spider Nest
 35061 | Spider:4 | Received a gift from Trog
 35538 | Spider:4 | Lost intelligence.
 36216 | Spider:4 | Got a gossamer rune of Zot
 36566 | D:13     | Bought a scroll of brand weapon for 240 gold pieces
 36681 | Shoals:1 | Entered Level 1 of the Shoals
 36765 | Shoals:1 | Reached XP level 17. HP: 166/166 MP: 16/16
 36836 | Shoals:1 | Found a runed translucent gate.
 36836 | Shoals:1 | Found a runed translucent gate.
 36836 | Shoals:1 | Found a runed translucent gate.
 36837 | Shoals:1 | Noticed Kaerusk's ghost (adept KoBe)
 36875 | Shoals:1 | Killed Kaerusk's ghost
 37422 | Shoals:1 | Found Raica Rin's Weapon Shoppe.
 39006 | Shoals:2 | Received a gift from Trog
 39625 | Shoals:2 | Noticed a kraken
 39634 | Shoals:2 | Killed a kraken
 40403 | Shoals:3 | Noticed Polyphemus
 40459 | Shoals:3 | Noticed Mara
 40479 | Shoals:3 | Noticed Hycrow's illusion
 40490 | Shoals:3 | Killed Polyphemus
 40491 | Shoals:3 | Reached skill level 15 in Shields
 40500 | Shoals:4 | Entered Level 4 of the Shoals
 40877 | Shoals:3 | Noticed Hycrow's illusion
 41192 | Shoals:3 | Noticed Hycrow's illusion
 41209 | Shoals:3 | Killed Mara
 41384 | Shoals:3 | Found Myfah's Magic Scroll Shop.
 41458 | Shoals:3 | Noticed Nikola
 41504 | Shoals:3 | Killed Nikola
 41514 | Shoals:3 | Noticed Louise
 41552 | Shoals:3 | Killed Louise
 44009 | Shoals:4 | Noticed a kraken
 44487 | Shoals:4 | Killed a kraken
 45114 | Shoals:4 | Reached XP level 18. HP: 175/177 MP: 17/17
 45791 | Shoals:4 | Got a barnacled rune of Zot
 46628 | Vaults:1 | Entered Level 1 of the Vaults
 46810 | Elf:1    | Entered Level 1 of the Elven Halls
 47055 | Elf:1    | Identified the ring "Badeic" {rF- rN+ Str+4 Int+6 SInv}
 47123 | Elf:1    | Found the +27 Lear's hauberk
 47138 | Elf:1    | Found a shimmering blue altar of Sif Muna.
 47138 | Elf:1    | Found a shimmering altar of Xom.
 47140 | Elf:1    | Found a radiant altar of Vehumet.
 47140 | Elf:1    | Found a shimmering blue altar of Sif Muna.
 47852 | Elf:1    | Found Rihah's Jewellery Boutique.
 47852 | Elf:1    | Found Molinesu's Gadget Shoppe.
 47853 | Elf:1    | Found Woxulull's Gadget Shoppe.
 47957 | Elf:1    | Identified the +1 longbow of the Secret Emperors {vorpal,
                  | rF+ Int+3 SInv}
 47966 | Elf:1    | Received a gift from Trog
 48582 | Elf:1    | Found a runed translucent gate.
 48582 | Elf:1    | Found a runed translucent gate.
 48582 | Elf:1    | Found a runed translucent gate.
 48582 | Elf:1    | Found a runed translucent gate.
 48582 | Elf:1    | Found a runed translucent gate.
 48584 | Elf:1    | Found a runed translucent gate.
 49183 | Elf:2    | Noticed a Tzitzimitl
 49304 | Elf:2    | Found a runed translucent gate.
 49304 | Elf:2    | Found a runed translucent gate.
 49304 | Elf:2    | Found a runed translucent gate.
 49556 | Elf:2    | Noticed Roxanne
 49571 | Elf:2    | Killed Roxanne
 49948 | Elf:2    | Noticed Agnes
 49970 | Elf:2    | Killed Agnes
 50211 | Elf:2    | Noticed Donald
 50228 | Elf:2    | Killed Donald
 50606 | Elf:2    | Reached XP level 19. HP: 31/185 MP: 18/18
 50610 | Elf:2    | Received a gift from Trog
 50615 | Elf:2    | HP: 9/187 [poisoned by a +1 glaive of venom]
 50616 | Elf:2    | Demolished by a +1 glaive of venom

Illustrated notes

Levels and vault maps discovered:
D:1:      dpeg_arrival_solitude, layout_basic, okawaru_ov_weapons_minmay
D:2:      layout_rooms, serial_aquarium, aquarium_bridge_square
          [aquarium_subvault_bridge, aquarium_subvault_wall,
          aquarium_subvault_bridge, aquarium_subvault_window],
          aquarium_window_1, aquarium_window_3, aquarium_window_fake,
          aquarium_window_fake, aquarium_view_2f, aquarium_view_2c,
          aquarium_balcony_5b, aquarium_pool_S
D:3:      layout_loops_ring, elyvilon_altar_4
D:4:      layout_rooms, grunt_temple_overflow_open, serial_shops, shop
D:5:      layout_rooms, minmay_temple_entry_mist, xom_teletrap_fun
D:6:      minmay_skewed_foursquare, layout_loops_cross, serial_shops,
          kennysheep_mini, uniq_prince_ribbit1, uniq_duvessa, uniq_pikel,
          uniq_blork_the_orc
D:7:      layout_loops_corners, nicolae_ru_path_of_blood, basic_altar,
          lemuel_angel_altar
D:8:      layout_cave_pools, ashenzari_altar_1
D:9:      layout_small_grid, zombieorc2_lemuel, serial_shops,
          kennysheep_little_box, basic_altar, uniq_joseph
D:10:     minmay_sliced_demisemicircle, layout_basic, basic_altar,
          grunt_qazlal_clouds
D:11:     layout_roguey, uniq_nergalle
D:12:     layout_irregular_city, gammafunk_ghost_smash, uniq_urug
D:13:     layout_gridville, serial_shops,
          nicolae_shop_temple_entry_statues_fountains, shop_coins,
          nicolae_shop_statue_plus, nicolae_shop_statue_plus,
          nicolae_shop_statue_plus
D:14:     layout_basic, erik_vaults_1, serial_shops, shop_statue, enter_bailey_5
D:15:     hangedman_depths_entry_civil_slaughter, layout_stronghold,
          dk_noncrumbling_4, minmay_misc_feat_tower,
          chequers_serial_rivers_micro_d, chequers_serial_rivers_micro_a,
          eino_tiny_chamber, chequers_avenue, chequers_serial_rivers_micro_d
Lair:1:   layout_cave_shapes, disabler_island, uniq_gastronok
Lair:2:   layout_roguey, elwin_shoals_entry_stream,
          nicolae_spider_entry_orb_guardian
Lair:3:   layout_long_grid, gauntlet_entry_generic, serial_bayou_crossing
Lair:4:   layout_loops_ring, grunt_forest_large_clearing_hut,
          minmay_lair_oklob_chamber, grunt_megastairs_3
Lair:5:   layout_roguey
Lair:6:   guppyfry_lair_end_dragon, layout_loops_ring,
          nicolae_slime_entry_slimehenge, basic_altar,
          grunt_forest_large_clearings, grunt_megastairs_5
Shoals:1: layout_shoals, serial_shops, shop, ebering_ghost_rock_garden
Shoals:2: cheibrodos_shoals_oceanic_diplomacy, layout_shoals
Shoals:3: layout_shoals, serial_shops, shop, nicolae_shoals_this_corrosion,
          uniq_louise, uniq_mara, uniq_nikola, uniq_polyphemus
Shoals:4: shoals_end_simple, layout_shoals
Spider:1: layout_spider_delve, drop_trap
Spider:2: cheibrodos_forgotten_conduit, minivault_29,
          hangedman_spider_tarantella_strand
Spider:3: cheibrodos_spider_silkery
Spider:4: grunt_spider_rune_parallel
Orc:1:    layout_diamond_mine
Orc:2:    st_orc_town, layout_caves, serial_shops, shop, shop, shop,
          nicolae_shop_trees, shop
Elf:1:    minmay_the_grid_octo_tiled_squarecenter_mashed
          [minmay_the_grid_octo_concentric, minmay_the_grid_octo_fat_diamond,
          minmay_the_grid_octo_fan_narrow, minmay_the_grid_octo_shrine,
          minmay_the_grid_square_5x5_megaprize_open,
          minmay_the_grid_square_5x5_trominoes,
          minmay_the_grid_square_5x5_pentomino_r,
          minmay_the_grid_square_5x5_moneybag, minmay_the_grid_square_5x5_comb],
          layout_rooms, orc_legates, minmay_shop_grove
Elf:2:    layout_geoelf_octagon, drop_trap, uniq_agnes, uniq_roxanne,
          uniq_donald
Vaults:1: gammafunk_sealed_library, nicolae_vaults_sealed_display, v_misc_23,
          nicolae_vaults_big_ls, nicolae_vaults_asterisk, vaults_dpeg_ring,
          ontoclasm_vaults_gateway, nicolae_vaults_network_quinsquares
          [nicolae_vaults_network_quincunx_subvault,
          nicolae_vaults_network_quincunx_subvault,
          nicolae_vaults_network_quincunx_subvault,
          nicolae_vaults_network_quincunx_subvault], vaults_dpeg_diagonal,
          v_misc_22, nicolae_vaults_circle_grid_a, ontoclasm_vaults_ligature,
          layout_vaults_omnibox, uniq_saint_roka

Skill      XL: |  1  2  3  4  5  6  7  8  9 10 11 12 13 14 15 16 17 18 |
---------------+-------------------------------------------------------+-----
Axes           | 4 5 6 7 8 10 12 13 14 16 17 19 20 | 20.3
Fighting       | 4 5 6 7 9 10 11 12 13 14 16 18 19 20 | 20.8
Armour         | 3 4 6 7 8 10 11 12 13 14 15 16 17 | 17.3
Shields        | 4 7 9 10 12 13 14 15 16 | 16.3
Short Blades   | 7 12 14 | 14.8
Evocations     | 4 5 |  5.0
Dodging        | |  2.1

Action                   |  1- 3 |  4- 6 |  7- 9 | 10-12 | 13-15 | 16-18 | 19-21 || total
-------------------------+-------+-------+-------+-------+-------+-------+-------++-------
Melee: Hand axe          |   102 |   145 |       |       |       |       |       ||   247
       Headbutt          |    15 |    30 |    88 |   129 |   298 |   339 |       ||   899
       War axe           |       |       |   383 |   565 |  1187 |   457 |       ||  2592
       Rapier            |       |       |       |    16 |   156 |       |       ||   172
       Spear             |       |       |       |     3 |       |       |       ||     3
       Broad axe         |       |       |       |       |       |  1078 |     3 ||  1081
       Demon trident     |       |       |       |       |       |   183 |       ||   183
Throw: Throwing net      |       |       |       |       |       |     1 |       ||     1
Invok: Berserk           |       |       |     1 |     6 |    10 |    11 |       ||    28
       Brothers in Arms  |       |       |     1 |     5 |     8 |    19 |       ||    33
       Trog's Hand       |       |       |       |     1 |     2 |     3 |       ||     6
Evoke: Wand              |       |       |       |    15 |     5 |    11 |       ||    31
  Use: Scroll            |     4 |     6 |    11 |     7 |    12 |     7 |       ||    47
       Potion            |       |       |       |     2 |     1 |     9 |       ||    12
 Stab: Sleeping          |     1 |       |       |       |       |       |       ||     1
       Held in net/web   |       |       |       |       |       |     2 |       ||     2
       Petrified         |       |       |       |       |       |     5 |       ||     5
       Distracted        |       |       |       |       |       |     1 |       ||     1
Armor: Animal skin       |     7 |       |       |       |       |       |       ||     7
       Plate armour      |    42 |    98 |   239 |   304 |   564 |   778 |     1 ||  2026
Dodge: Dodged            |    47 |    51 |   135 |    94 |   280 |   269 |     1 ||   877
Block: Kite shield       |       |       |       |   224 |   973 |  1415 |     3 ||  2615
       Reflection        |       |       |       |       |    84 |   115 |       ||   199
